 Dungeon Crawl Stone Soup version 0.17.2-1-ge4368a0 (webtiles) character file.

11 Goblin1989 the Insei (level 2, -1/24 HPs)
             Began as a Demonspawn Monk on Nov 27, 2017.
             Slain by a gnoll
             ... wielding a +0 flail
              (7 damage)
             ... on level 2 of the Dungeon.
             The game lasted 00:01:04 (288 turns).

Goblin1989 the Insei (Demonspawn Monk)               Turns: 288, Time: 00:01:04

Health: -1/24      AC:  5    Str: 11    XL:     2   Next: 17%
Magic:  2/2        EV: 11    Int: 11    God:
Gold:   5          SH:  0    Dex: 15    Spells: 0 memorised, 1 level left

rFire  . . .     SeeInvis .       - Unarmed
rCold  . . .     Clarity  .     b - +0 ring mail
rNeg   . . .     SustAt   .     (no shield)
rPois  .         Gourm    .     (no helmet)
rElec  .         Spirit   .     (no cloak)
rCorr  .         Warding  .     (no gloves)
rMut   .         Stasis   .     (no boots)
MR     .....                    (no amulet)
Stlth  +.........               (no ring)
                                (no ring)

@: not resistant to hostile enchantments, very unstealthy
A: powered by pain 1
a: no special abilities


You were on level 2 of the Dungeon.
You were very full.

You visited 1 branch of the dungeon, and saw 2 of its levels.

You collected 5 gold pieces.

Inventory:

Armour
 b - a +0 ring mail (worn)


   Skills:
 - Level 3.0 Fighting
 - Level 2.6 Dodging
 - Level 1.7 Stealth
 + Level 4.1 Unarmed Combat


You had one spell level left.
You didn't know any spells.

Dungeon Overview and Level Annotations

Branches:
Dungeon (2/15)

Altars:


Innate Abilities, Weirdness & Mutations

You sometimes gain a little power by taking damage.


Message History

A gnoll comes into view. It is wielding an enchanted spear.
Unknown command.
A gnoll comes into view. It is wielding a flail.
The gnoll shouts!
Eat which item? (? for menu, Esc to quit)
You don't have any such object.
Eat which item? (? for menu, Esc to quit)
Huh?
Eat which item? (? for menu, Esc to quit)
You don't have any such object.
Eat which item? (? for menu, Esc to quit)
You don't have any such object.
Eat which item? (? for menu, Esc to quit)
You don't have any such object.
Eat which item? (? for menu, Esc to quit)
You don't have any such object.
Eat which item? (? for menu, Esc to quit)
You don't have any such object.
Eat which item? (? for menu, Esc to quit)
You don't have any such object.
Eat which item? (? for menu, Esc to quit)
Huh?
Eat which item? (? for menu, Esc to quit)
You don't have any such object.
Eat which item? (? for menu, Esc to quit)
You don't have any such object.
Eat which item? (? for menu, Esc to quit)
You don't have any such object.
Eat which item? (? for menu, Esc to quit)
The gnoll shouts!
You continue eating.
The bat closely misses you.
You continue eating.
The bat barely misses you.
You finish eating.
That bread ration really hit the spot!
Unknown command.
The bat barely misses you.
Found a stone staircase leading down.
A gnoll comes into view.
The bat hits you but does no damage.
An adder comes into view.
The bat barely misses you.
You see here 16 gold pieces.
The bat closely misses you. The bat barely misses you.
The bat hits you but does no damage. The bat closely misses you.
The adder barely misses you. The bat barely misses you.
The adder barely misses you. The bat hits you but does no damage.
The adder bites you but does no damage.
Your ring mail prevents you from hitting the adder.
The adder bites you.
You take 1 damage, and have 17/18 hp.
You hit the adder.
The adder is heavily wounded.
The adder bites you. The adder barely misses you.
You take 2 damage, and have 15/18 hp.
You hit the adder.
The adder is severely wounded.
The adder barely misses you.
You hit the adder.
The adder is almost dead.
The adder bites you but does no damage.
You barely miss the adder.
The adder is almost dead.
The adder bites you.
You take 1 damage, and have 14/18 hp.
You hit the adder but do no damage.
The adder is almost dead.
The adder completely misses you.
You hit the adder but do no damage.
The adder is almost dead.
The adder barely misses you. The adder bites you but does no damage.
You closely miss the adder.
The adder is almost dead.
The adder closely misses you.
You hit the adder.
You kill the adder!
Your Unarmed Combat skill increases to level 4!
You have reached level 2!
Your demonic ancestry asserts itself...
You feel energised by your suffering.
You regained 4 hp, and now have 18/24 hp.
MP restored: 2 You barely miss the gnoll.
The gnoll hits you with a flail.
You take 6 damage, and have 12/24 hp.
O_OOPS!!
MASSIVE DAMAGE!!
You hit the gnoll.
The gnoll is lightly wounded.
You barely miss the gnoll.
The gnoll is lightly wounded.
The gnoll hits you with a flail!
* * * LOW HITPOINT WARNING * * *
You take 7 damage, and have 5/24 hp.
O_OOPS!!
MASSIVE DAMAGE!!
You hit the gnoll.
The gnoll is heavily wounded.
The gnoll misses you.
The gnoll shouts!
You barely miss the gnoll.
The gnoll is heavily wounded.
The gnoll hits you with a flail!
You die...

.....█>█████.?....██.
.....)...g.g..█..███
......██.b█████.....
█.....█g.█████..████..
█......██......█
█........█.████g█
..█.██.█...█ █.█ █
█....██


█g█ █....██ █@█ ....█..█ █.█ ..███..█ █.█ . ██.. ███ ██. You could see 2 gnolls.

Vanquished Creatures
  An adder (D:2)
  A bat (D:1)
  A kobold (D:1)
  A rat (D:1)
4 creatures vanquished.

Notes
Turn   | Place    | Note
--------------------------------------------------------------
     0 | D:1      | Goblin1989 the Demonspawn Monk began the quest for the Orb.
     0 | D:1      | Reached XP level 1. HP: 18/18 MP: 1/1
   252 | D:1      | You fall through a shaft!
   278 | D:2      | Reached skill level 4 in Unarmed Combat
   278 | D:2      | Gained mutation: You sometimes gain a little power by taking damage. [demonic ancestry]
   278 | D:2      | Reached XP level 2. HP: 18/24 MP: 2/2
   288 | D:2      | Slain by a gnoll

Action                   || total
-------------------------++-------
Melee: Unarmed           ||    26
 Stab: Sleeping          ||     1
  Eat: Bread ration      ||     1

Vault maps used:
D:1:      lightli_arrival_maybe_door_vault
D:2:      nicolae_ru_the_path_less_chosen, trog_book
